 Dungeon Crawl Stone Soup version 0.25-a0-589-g1e14c549ee (webtiles) character file.

Game seed: 6354391326699403082, levelgen mode: deterministic

16800 Lugonue the Thrower (level 12, -7/106 HPs)
             Began as a White Draconian Gladiator on Mar 12, 2020.
             Was an Elder of Ashenzari.
             Mangled by a six-headed hydra (12 damage)
             ... on level 2 of the Lair of Beasts.
             The game lasted 00:46:56 (15089 turns).

Lugonue the Thrower (White Draconian Gladiator)    Turns: 15089, Time: 00:46:57

Health: -7/106     AC: 12    Str: 21    XL:     12   Next: 13%
Magic:  0/17       EV: 15    Int: 13    God:    Ashenzari [****..]
Gold:   503        SH:  0    Dex: 12    Spells: 4/11 levels left

rFire    . . .     SeeInvis +   s - staff of cold
rCold    + + .     Gourm    .   (no shield)
rNeg     . . .     Faith    .   (armour unavailable)
rPois    .         Spirit   .   m - +1 hat
rElec    .         Reflect  .   G - +1 cloak {+Inv} (curse)
rCorr    .         Harm     .   F - +0 pair of gloves
MR       .....     Clarity  +   (no boots)
Stlth    ++........             (no amulet)
HPRegen  0.27/turn              j - +3 ring of strength (curse)
MPRegen  0.15/turn              (no ring)

@: very slightly contaminated
A: breathe frost, unfitting armour, cold resistance 1, cold-blooded, AC +8
a: Breathe Frost, Curse Item, Scrying, Renounce Religion, Evoke Invisibility


You were on level 2 of the Lair of Beasts.
You worshipped Ashenzari.
Ashenzari was greatly pleased with you.
You were very hungry.

You visited 2 branches of the dungeon, and saw 12 of its levels.
You also visited: Ossuary and Volcano.

You collected 783 gold pieces.
You spent 280 gold pieces at shops.

Inventory:

Hand Weapons
 a - a +1 quarterstaff
 E - a +2 quarterstaff of chaos
Missiles
 e - 14 boomerangs (quivered)
 o - 8 atropa-tipped darts
 q - 32 poisoned darts
Armour
 m - a +1 hat (worn)
 F - a +0 pair of gloves (worn)
 G - a cursed +1 cloak of invisibility (worn)
Magical Staves
 s - an uncursed staff of cold (weapon)
Jewellery
 j - a cursed +3 ring of strength (left hand)
 r - an uncursed amulet of faith
Wands
 h - a wand of clouds (1)
 l - a wand of flame (40)
 x - a wand of random effects (17)
 C - a wand of digging (6)
 H - a wand of iceblast (17)
 I - a wand of paralysis (14)
Scrolls
 b - 3 scrolls of amnesia
 g - 7 scrolls of remove curse
 i - 6 scrolls of identify
 n - 2 scrolls of teleportation
 w - a scroll of magic mapping
 L - a scroll of fog
Potions
 c - 2 potions of cancellation
 f - a potion of berserk rage
 p - a potion of lignification
 B - a potion of haste
Comestibles
 d - 14 rations
 t - 8 chunks of flesh


   Skills:
 - Level 10.1 Fighting
 - Level 9.9 Staves
 - Level 10.1 Throwing
 - Level 6.2 Dodging
 - Level 3.1 Stealth
 + Level 0.2 Spellcasting
 * Level 2.9 Ice Magic
 + Level 7.6 Evocations


You had 4 spell levels left.
You knew the following spells:

 Your Spells              Type           Power        Failure   Level  Hunger
a - Metabolic Englaciati  Hex/Ice        #.........   99%         5    ######.
b - Blink                 Tloc           N/A          43%         2    ###....

Your spell library contained the following spells:

 Spells                   Type           Power        Failure   Level  Hunger
 Sandblast                Erth           #.....       30%         1    ##.....
 Passwall                 Tmut/Erth      #.......     43%         2    ###....
 Shroud of Golubria       Chrm/Tloc      #.....       43%         2    ###....
 Confusing Touch          Hex            #.......     67%         3    ####...
 Gell's Gravitas          Tloc           #.........   67%         3    ####...
 Lesser Beckoning         Tloc           #.........   67%         3    ####...
 Stone Arrow              Conj/Erth      #.....       67%         3    ####...
 Teleport Other           Tloc           #.......     67%         3    ####...
 Passage of Golubria      Tloc           N/A          97%         4    #####..
 Petrify                  Tmut/Erth      #.......     97%         4    #####..
 Lee's Rapid Deconstruct  Erth           #.........   100%        5    ######.
 Yara's Violent Unravell  Hex/Tmut       #.........   100%        5    ######.


Dungeon Overview and Level Annotations

Branches:
Dungeon (10/15)            Temple (0/1) D:6            Lair (2/6) D:10
 Spider (0/4) Lair:2      Ossuary (visited)         Volcano (visited)
  Swamp: Lair:2-4    Shoals: Lair:2-4       Orc: D:9-12

Altars:
Ashenzari
Nemelex Xobeh
Qazlal
Ru
Sif Muna
Trog
Uskayaw
Vehumet
Wu Jian
Yredelemnul
Zin
The Shining One

Shops:
D:8 :

Annotations:
D:3 1 runed translucent door, Flugslaktarn's ghost, weakling DDFi
D:6 2 transporters, Yermak's ghost, novice CeIE
D:7 exclusion: statue
D:8 1 runed translucent door, olaf's ghost, novice HOGl


Innate Abilities, Weirdness & Mutations

You can breathe waves of freezing cold.
You can buffet flying creatures when you breathe cold.
Your icy white scales are hard. (AC +8)
You cannot fit into any form of body armour.
Your flesh is cold resistant. (rC+)
You are cold-blooded and may be slowed by cold attacks.


Message History

Okay, then.
Unknown command.
Casting: Blink (safe; 43% risk of failure)
Confirm with . or Enter, or press ? or * to list all spells.
Okay, then.
Unknown command.
Unknown command.
Okay, then.
Unknown command.
Okay, then.
Unknown command.
Casting: Blink (safe; 43% risk of failure)
Confirm with . or Enter, or press ? or * to list all spells.
You miscast Blink.
The world appears momentarily distorted!
The six-headed hydra bites you!
* * * LOW HITPOINT WARNING * * *
The six-headed hydra bites you but does no damage.
The six-headed hydra bites you!
You die...

##......D..........
#P...........[..P#.
#...............###
##..###..#.÷#......
##..##.#.#.##....#.
#..#.......##...#..
#..........#....##.
#..##.#.P#.#.......
##@##########....#.
#.D....#{ { ##..#..
##.....##,>..###.#.
#.......#,..^..#...
#.......#*.^.^.##..
##.......##^.^..##.
*....[....# ^..^^##
#P......... #.†...
#...#P.###..,###...


You could see a six-headed hydra.

Vanquished Creatures
  Fannar (Lair:1)
  2 hydras (Lair:2)
  A two-headed ogre (D:8)
  Pikel (D:4)
  A manticore (D:10)
  Joseph (D:8)
  2 spiny frogs
  Psyche (D:9)
  A rime drake (Lair:2)
  A komodo dragon (Lair:1)
  Maggie (D:8)
  3 trolls
  A polar bear (D:9)
  A merfolk (D:10)
  Prince Ribbit (D:5)
  Grinder (D:5)
  3 hippogriffs
  A flying skull (Volcano)
  A wyvern (D:9)
  Sigmund (D:3)
  A redback (Lair:2)
  A vampire (D:10)
  6 yaks
  A hungry ghost (D:8)
  Menkaure (D:6)
  7 water moccasins
  2 porcupines
  An eye of draining (D:10)
  A hornet zombie (D:10)
  3 orc warriors
  A sky beast (D:7)
  2 black bears
  A necrophage (D:10)
  6 ice beasts
  2 phantoms
  5 wolves (Lair:2)
  5 ogres
  3 centaurs
  7 crocodiles
  3 big kobolds
  An elf zombie (Ossuary)
  14 bullfrogs
  4 scorpions
  A killer bee (D:9)
  2 howler monkeys
  3 crimson imps
  9 hounds
  A bullfrog zombie (D:9)
  A centaur zombie (D:7)
  5 orc priests
  Crazy Yiuf (D:7)
  A jelly (D:8)
  10 orc wizards
  3 centaur skeletons
  2 iguanas
  Natasha (thrice) (D:2)
  2 worker ants
  A big kobold zombie (Ossuary)
  A bullfrog simulacrum (D:9)
  4 hound zombies
  3 hound skeletons
  4 mummies (Ossuary)
  4 gnolls (D:5)
  12 adders
  5 shadow imps
  A white imp (D:9)
  An ufetubus (D:9)
  An ooze (D:3)
  4 adder zombies
  2 adder skeletons
  7 worms
  4 dart slugs
  6 leopard geckos
  50 orcs
  4 ball pythons
  8 bats
  10 giant cockroaches
  7 goblins
  14 hobgoblins
  6 jackals
  3 quokkas
  4 frilled lizards
  A giant cockroach zombie (D:5)
  A gnoll zombie (Ossuary)
  A goblin zombie (D:5)
  A hobgoblin zombie (Ossuary)
  A jackal zombie (Ossuary)
  21 kobolds
  A kobold zombie (Ossuary)
  A leopard gecko skeleton (D:6)
  A leopard gecko zombie (D:5)
  3 quokka skeletons
  5 rats
  A rat zombie (D:5)
  A spectral orc (D:6)
  A fungus (D:7)
354 creatures vanquished.

Vanquished Creatures (collateral kills)
  A killer bee (D:9)
1 creature vanquished.

Vanquished Creatures (others)
  A flying skull (Volcano)
  2 killer bees (D:9)
  14 fungi
  2 plants (D:10)
19 creatures vanquished.

Grand Total: 374 creatures vanquished

Notes
Turn   | Place    | Note
-------+----------+-------------------------------------------
     0 | D:1      | Lugonue the Draconian Gladiator began the quest for the
                  | Orb.
     0 | D:1      | Reached XP level 1. HP: 17/17 MP: 1/1
   172 | D:1      | Reached XP level 2. HP: 23/24 MP: 2/2
   745 | D:1      | Reached XP level 3. HP: 30/30 MP: 3/3
  1153 | D:2      | Noticed Natasha
  1367 | D:2      | Found an ornate altar of the Wu Jian Council.
  1414 | D:2      | Found a hide-covered altar of Uskayaw.
  1420 | D:2      | Found a shattered altar of Ashenzari.
  1435 | D:2      | Became a worshipper of Ashenzari the Shackled
  1565 | D:2      | Killed Natasha
  1565 | D:2      | Reached XP level 4. HP: 12/37 MP: 4/4
  1780 | D:2      | Reached skill level 1 in Stealth
  2061 | D:2      | Found a glowing silver altar of Zin.
  2061 | D:2      | Found a sacrificial altar of Ru.
  2103 | D:2      | Noticed Natasha
  2113 | D:2      | Killed Natasha
  2701 | D:2      | Reached XP level 5. HP: 41/44 MP: 5/5
  2710 | D:2      | Noticed Natasha
  2715 | D:2      | Killed Natasha
  2796 | D:2      | Found a stormy altar of Qazlal.
  2955 | D:3      | Noticed Sigmund
  2985 | D:3      | Killed Sigmund
  2985 | D:3      | Reached skill level 5 in Staves
  2985 | D:3      | Reached XP level 6. HP: 49/51 MP: 6/6
  3113 | D:3      | Noticed Flugslaktarn's ghost (weakling DDFi)
  3129 | D:3      | Found a runed translucent door.
  3411 | D:3      | Reached * piety under Ashenzari
  3772 | D:4      | Your scales start taking on an icy white colour.
  3772 | D:4      | Reached XP level 7. HP: 46/57 MP: 7/7
  3772 | D:4      | Gained mutation: Your flesh is cold resistant. (rC+) [White
                  | Draconian growth]
  4299 | D:4      | Found a glowing golden altar of the Shining One.
  4420 | D:4      | Found a shimmering blue altar of Sif Muna.
  4424 | D:4      | Found a sparkling altar of Nemelex Xobeh.
  4475 | D:4      | Noticed Pikel
  4517 | D:4      | Killed Pikel
  4517 | D:4      | Reached XP level 8. HP: 38/67 MP: 8/8
  4660 | D:5      | Entered Level 5 of the Dungeon
  4745 | D:5      | Noticed Prince Ribbit
  4767 | D:5      | Killed Prince Ribbit
  4767 | D:5      | Reached skill level 5 in Fighting
  4844 | D:5      | Found a sand-covered staircase.
  4860 | Ossuary  | Entered an ossuary
  4881 | Ossuary  | Reached skill level 5 in Throwing
  5145 | D:5      | Noticed Grinder
  5175 | D:5      | Paralysed by Grinder for 5 turns
  5189 | D:5      | Killed Grinder
  5189 | D:5      | Reached skill level 5 in Dodging
  5571 | D:5      | Reached XP level 9. HP: 74/74 MP: 9/9
  5881 | D:5      | Reached ** piety under Ashenzari
  5995 | D:6      | Found a sacrificial altar of Ru.
  6111 | D:6      | Found a basalt altar of Yredelemnul.
  6176 | D:6      | Found a staircase to the Ecumenical Temple.
  6233 | D:6      | Found a transporter.
  6233 | D:6      | Noticed Yermak's ghost (novice CeIE)
  6241 | D:6      | Found a transporter.
  6274 | D:6      | Noticed Menkaure
  6279 | D:6      | Killed Menkaure
  7344 | D:7      | Found a radiant altar of Vehumet.
  7845 | D:7      | Found a runed translucent door.
  7846 | D:7      | Noticed Crazy Yiuf
  7855 | D:7      | Killed Crazy Yiuf
  7855 | D:7      | Reached XP level 10. HP: 83/83 MP: 10/10
  8188 | D:8      | Noticed Maggie
  8206 | D:8      | Killed Maggie
  8252 | D:8      | Found Zergh's Book Shop.
  8289 | D:8      | Found a runed translucent door.
  8289 | D:8      | Noticed olaf's ghost (novice HOGl)
  8359 | D:8      | Noticed Joseph
  8389 | D:8      | Killed Joseph
  8482 | D:8      | Found a bloodstained altar of Trog.
  8699 | D:8      | Bought a book of Misfortune for 280 gold pieces
  8699 | D:8      | Noticed a two-headed ogre
  8705 | D:8      | Learned a level 5 spell: Metabolic Englaciation
  8730 | D:8      | Killed a two-headed ogre
  9306 | D:9      | Noticed Psyche
 10040 | D:9      | Killed Psyche
 10040 | D:9      | Reached skill level 1 in Evocations
 10140 | D:9      | Reached skill level 10 in Throwing
 10616 | D:9      | Reached XP level 11. HP: 30/91 MP: 11/11
 11002 | D:10     | Entered Level 10 of the Dungeon
 11135 | D:10     | Reached *** piety under Ashenzari
 12095 | D:10     | Found a staircase to the Lair.
 12394 | Lair:1   | Entered Level 1 of the Lair of Beasts
 12958 | Lair:1   | Noticed Fannar
 13000 | Lair:1   | Killed Fannar
 13000 | Lair:1   | Reached skill level 10 in Fighting
 13631 | Lair:2   | Noticed a five-headed hydra
 13636 | Lair:2   | Killed a five-headed hydra
 13636 | Lair:2   | Reached skill level 5 in Evocations
 13691 | Lair:2   | Noticed a four-headed hydra
 13700 | Lair:2   | Killed a four-headed hydra
 13880 | Lair:2   | Learned a level 2 spell: Blink
 13894 | Lair:2   | Reached skill level 1 in Ice Magic
 13894 | Lair:2   | Reached XP level 12. HP: 53/106 MP: 14/17
 14201 | Lair:2   | Found a dark tunnel.
 14270 | Volcano  | Entered a volcano
 14374 | Volcano  | HP: 1/106 [skeletal warrior/+1 halberd of flaming (5)]
 15000 | Lair:2   | Found a hole to the Spider Nest.
 15032 | Lair:2   | Reached **** piety under Ashenzari
 15042 | Lair:2   | Noticed a six-headed hydra
 15089 | Lair:2   | HP: 5/106 [six-headed hydra (7)]
 15089 | Lair:2   | Mangled by a six-headed hydra

Levels and vault maps discovered:
D:1:      dpeg_arrival_stone_temple_mockup, layout_rooms, minivault_4
D:2:      layout_basic, nicolae_qazlal_eye_of_the_storm,
          grunt_temple_overflow_open, gammafunk_temple_overflow_elements,
          first_ration, uniq_natasha
D:3:      layout_basic, hellmonk_ghost_happy_afterlife, uniq_sigmund
D:4:      layout_basic, minmay_overflow_temple_star_quad, uniq_pikel
D:5:      layout_basic, enter_ossuary_4, palyth_stone_intersect, uniq_grinder,
          uniq_prince_ribbit1
D:6:      layout_basic, yredelemnul_forgotten_temple_becter,
          minmay_temple_entry_junction, gammafunk_ghost_mausoleum,
          nicolae_ru_path_of_blood, uniq_menkaure
D:7:      layout_loops_ring, vehumet_statue, uniq_crazy_yiuf_cottage
D:8:      layout_rooms, kennysheep_mini_moat, serial_shops,
          nicolae_shop_behind_doors, hellmonk_ghost_happy_afterlife,
          uniq_joseph, uniq_maggie
D:9:      layout_stronghold, serial_ice, serial_ice_i, serial_ice_d,
          serial_ice_b, serial_ice_a, uniq_psyche
D:10:     layout_basic, grunt_lair_entry_orc_guard_hut, hangedman_fish_farm
Lair:1:   layout_cave_pods, uniq_fannar
Lair:2:   layout_regular_city, spider_nest_entry_funnel_web, enter_volcano_1,
          chequers_serial_rivers_micro_d, small_statue_intersection

Skill      XL: |  1  2  3  4  5  6  7  8  9 10 11 12 |
---------------+-------------------------------------+-----
Dodging        | 3 4 5 6 |  6.2
Throwing       | 2 3 4 5 7 10 | 10.1
Stealth        | 1 2 3 |  3.1
Staves         | 4 5 6 7 9 |  9.9
Fighting       | 3 4 5 6 10 | 10.1
Evocations     | 1 7 |  7.6
Ice Magic      | 1 2 |  2.9
Spellcasting   | |  0.2

Action                   |  1- 3 |  4- 6 |  7- 9 | 10-12 || total
-------------------------+-------+-------+-------+-------++-------
Melee: Quarterstaff      |    93 |    99 |   261 |   414 ||   867
       Tailslap          |     9 |     9 |    34 |    70 ||   122
       Staff             |       |       |       |    79 ||    79
Throw: Boomerang         |     9 |    49 |   130 |   298 ||   486
       Dart              |    13 |    20 |    65 |    83 ||   181
       Throwing net      |       |     3 |     1 |     2 ||     6
 Cast: Blink             |       |       |       |     6 ||     6
Invok: Curse Item        |       |       |       |     2 ||     2
 Abil: Breathe Frost     |       |       |    13 |    13 ||    26
       Evoke Invisibilit |       |       |       |     1 ||     1
Evoke: Wand              |       |       |    14 |    28 ||    42
  Use: Potion            |     3 |     3 |     4 |     6 ||    16
       Scroll            |     3 |       |     9 |     7 ||    19
 Stab: Invisible         |     4 |     1 |       |     3 ||     8
       Sleeping          |       |       |       |     3 ||     3
       Held in net/web   |       |       |       |     2 ||     2
  Eat: Chunk             |     1 |     5 |    11 |    17 ||    34
       Ration            |     1 |       |     1 |     3 ||     5
Armor: Skin              |    35 |    22 |   166 |   183 ||   406
Dodge: Dodged            |    95 |    70 |   300 |   379 ||   844

Table legend:
 A = Non-vault XP
 B = Vault XP
 C = Vault XP percentage of total XP
 D = Non-vault monster count
 E = Vault monster count
 F = Vault count percentage of total count
                 A         B        C        D         E       F
            +---------+---------+-------+---------+---------+-------
      Total |   17431 |    6569 |  27.4 |     309 |      46 |  13.0
            +---------+---------+-------+---------+---------+-------
        D:1 |      43 |       0 |   0.0 |      23 |       0 |   0.0
        D:2 |     152 |      35 |  18.7 |      25 |       1 |   3.8
        D:3 |     148 |     223 |  60.1 |      32 |       1 |   3.0
        D:4 |     354 |     651 |  64.8 |      21 |       1 |   4.5
        D:5 |     870 |     539 |  38.3 |      28 |       4 |  12.5
        D:6 |    1108 |     173 |  13.5 |      26 |       2 |   7.1
        D:7 |    1116 |      40 |   3.5 |      28 |       1 |   3.4
        D:8 |    1658 |     842 |  33.7 |      16 |       2 |  11.1
        D:9 |    1603 |    1390 |  46.4 |      36 |       9 |  20.0
       D:10 |    3469 |     756 |  17.9 |      42 |       5 |  10.6
     Lair:1 |    2031 |    1028 |  33.6 |      11 |       1 |   8.3
     Lair:2 |    4879 |     216 |   4.2 |      21 |       1 |   4.5
    Ossuary |       0 |     273 | 100.0 |       0 |      16 | 100.0
    Volcano |       0 |     403 | 100.0 |       0 |       2 | 100.0
            +---------+---------+-------+---------+---------+-------
